Winnipeg Jets vs Pittsburgh Penguins
Created - Friday, October 4, 2024 at 11:30
Goals
|
| Winnipeg Jets |
0 |
4 |
0 |
4 |
| Pittsburgh Penguins |
0 |
0 |
1 |
1 |
|
Shots
|
| Winnipeg Jets |
13 |
17 |
11 |
41 |
| Pittsburgh Penguins |
8 |
10 |
8 |
26 |
|
1st period
No Goal
Penalties :
Dylan Samberg (WPG) for Tripping (Minor) at 7:48, Leon Draisaitl (PIT) for Hooking (Minor) at 10:30
2nd period
1. Winnipeg Jets , Olen Zellweger 2 (Mason Appleton 17, Adam Lowry 11) at 2:22
2. Winnipeg Jets , Mason Appleton 9 (Connor Bedard 15) at 2:46 (PP)
3. Winnipeg Jets , Adam Lowry 13 (Mason Appleton 18, Oliver Ekman-Larsson 11) at 12:19
4. Winnipeg Jets , Adam Lowry 14 (Mason Appleton 19, Brayden Pachal 2) at 18:44
Penalties :
Pavel Buchnevich (PIT) for Holding (Minor) at 2:43
3rd period
5. Pittsburgh Penguins , Mitchell Marner 10 (Blake Coleman 10) at 14:29
Penalties :
Leon Draisaitl (PIT) for Hooking (Minor) at 11:32, Oliver Ekman-Larsson (WPG) for Delaying the game (Minor) at 14:30
Goalie Stats
Ukko-Pekka Luukkonen (WPG), 25 saves from 26 shots - (0.962), W, 13-11-5, 60:00 minutes
Jordan Binnington (PIT), 37 saves from 41 shots - (0.902), L, 16-11-1, 60:00 minutes
Players Stats for Winnipeg Jets
Player Name G A P +/- PIM S H SB GA TA FO MP PP MP PK MP
------------------------------------------------------------------------------------
Adam Lowry 2 1 3 3 0 7 1 0 0 0 4/6 12:40 0:00 0:00
Alexis Lafreniere 0 0 0 0 0 2 2 0 2 0 1/4 19:00 1:43 1:56
Andre Burakovsky 0 0 0 -1 0 4 0 0 0 1 2/3 14:48 0:00 0:00
Barclay Goodrow 0 0 0 3 0 0 0 0 0 0 1/1 12:40 0:00 0:00
Brayden Pachal 0 1 1 2 0 0 1 1 0 0 0/0 13:39 0:00 0:00
Connor Bedard 0 1 1 -1 0 2 3 0 2 0 9/19 18:55 2:18 1:49
Connor McDavid 0 0 0 0 0 5 1 1 1 0 6/18 19:15 1:43 2:02
Dylan Samberg 0 0 0 -1 2 2 0 0 0 1 0/0 16:02 0:00 0:42
Jason Zucker 0 0 0 -1 0 3 0 0 0 0 0/1 15:13 0:00 0:13
Joel Armia 0 0 0 0 0 2 0 0 0 0 0/0 11:18 2:18 0:00
Mason Appleton 1 3 4 3 0 6 3 0 0 0 0/0 14:58 2:18 0:00
Olen Zellweger 1 0 1 2 0 2 0 1 0 0 0/0 20:14 2:20 2:41
Oliver Ekman-Larsson 0 1 1 1 2 1 3 1 1 0 0/0 25:36 2:20 0:35
Oliver Kylington 0 0 0 1 0 1 0 3 0 0 0/0 24:50 1:41 1:39
Olli Maatta 0 0 0 -1 0 2 0 0 0 1 0/0 19:52 1:41 2:19
Ridly Greig 0 0 0 0 0 2 2 0 0 0 3/7 9:00 0:00 0:00
Sam Steel 0 0 0 0 0 0 0 0 1 0 0/1 9:00 0:00 0:00
Tom Wilson 0 0 0 0 0 0 1 1 0 1 0/1 19:00 1:43 1:56
Players Stats for Pittsburgh Penguins
Player Name G A P +/- PIM S H SB GA TA FO MP PP MP PK MP
------------------------------------------------------------------------------------
Blake Coleman 0 1 1 -1 0 2 2 0 0 0 1/1 18:27 1:57 0:00
Brian Dumoulin 0 0 0 -1 0 0 1 0 0 0 0/0 15:46 0:00 0:00
Brock Faber 0 0 0 0 0 0 0 1 1 1 0/0 22:18 2:05 1:37
Dylan Guenther 0 0 0 -1 0 3 0 0 0 1 0/2 13:20 0:00 0:02
Erik Gudbranson 0 0 0 0 0 0 2 2 0 1 0/0 22:18 2:05 1:37
Erik Karlsson 0 0 0 -1 0 1 2 1 0 0 0/0 21:56 1:53 2:24
Gabriel Vilardi 0 0 0 0 0 1 1 1 0 0 3/5 7:59 0:00 0:00
Jake Neighbours 0 0 0 0 0 0 0 0 0 0 0/0 8:02 0:02 0:00
James van Riemsdyk 0 0 0 0 0 3 0 0 0 0 0/0 7:59 0:00 0:00
Jean-Gabriel Pageau 0 0 0 -1 0 1 2 0 0 0 9/11 14:55 0:00 1:55
Jordan Eberle 0 0 0 -1 0 2 1 0 0 0 0/0 12:55 0:02 0:00
Leon Draisaitl 0 0 0 0 4 2 0 1 1 1 13/22 16:39 1:59 0:03
Mark Giordano 0 0 0 -1 0 1 1 1 1 2 0/0 15:46 0:00 0:00
Mattias Ekholm 0 0 0 -1 0 0 1 2 0 0 0/0 21:56 1:53 2:24
Mitchell Marner 1 0 1 -1 0 4 0 0 0 0 1/3 20:11 1:59 1:41
Pavel Buchnevich 0 0 0 0 2 3 1 0 0 0 2/4 18:32 1:59 2:03
Phillip Danault 0 0 0 -1 0 0 1 1 1 1 6/12 18:27 1:57 0:00
Sam Reinhart 0 0 0 0 0 3 0 0 0 0 0/1 18:30 1:59 2:18
3 Stars
1 - Mason Appleton (WPG)
2 - Adam Lowry (WPG)
3 - Ukko-Pekka Luukkonen (WPG)
Power Play
Winnipeg Jets - 1 on 3 Attempt(s) - 33.33%
Pittsburgh Penguins - 0 on 2 Attempt(s) - 0.00%
Penalty Kill
Winnipeg Jets - 2 on 2 Attempt(s) - 100.00%
- Score 0 goal in Penalty Kill
Pittsburgh Penguins - 2 on 3 Attempt(s) - 66.67%
- Score 0 goal in Penalty Kill
Team Stat
Winnipeg Jets - Hits : 17 - Faceoff Wins : 26 - Blocked Shots : 8 - Penalty Minutes : 4
Pittsburgh Penguins - Hits : 15 - Faceoff Wins : 35 - Blocked Shots : 10 - Penalty Minutes : 6
Official
Referees : Trevor Hanson and Kyle Rehman
Linesman : Travis Toomey and Mark Shewchyk
Game Notes
No Game Note
Finance
Level 1 -- Attendance: 5150 (85.83%) -- Ticket Income $515,000
Level 2 -- Attendance: 4074 (81.48%) -- Ticket Income $244,440
Level 3 -- Attendance: 2414 (80.47%) -- Ticket Income $84,490
Level 4 -- Attendance: 4081 (81.62%) -- Ticket Income $102,025
Luxury Box -- Attendance: 805 (80.50%) -- Ticket Income $161,000
Game was played at the Consol Energy Center.
Total Attendance: 16524 (82.62%)
Total Ticket Income: $1,106,955
Other Income: $387,434
Total Income: $1,494,389
Winnipeg Jets
5 vs 5 Forward
Center Left Wing Right Wing Time % Phy DF OF
1 Connor McDavid Alexis Lafreniere Tom Wilson 30 1 2 2
2 Connor Bedard Andre Burakovsky Jason Zucker 30 1 2 2
3 Adam Lowry Barclay Goodrow Mason Appleton 25 1 2 2
4 Ridly Greig Sam Steel Joel Armia 15 1 2 2
5 vs 5 Defense
Defense Defense Time % Phy DF OF
1 Oliver Ekman-Larsson Oliver Kylington 30 1 2 2
2 Dylan Samberg Olli Maatta 30 1 2 2
3 Brayden Pachal Olen Zellweger 25 1 2 2
4 Oliver Ekman-Larsson Oliver Kylington 15 1 2 2
PowerPlay Forward
Center Left Wing Right Wing Time % Phy DF OF
1 Connor McDavid Alexis Lafreniere Tom Wilson 50 1 2 2
2 Connor Bedard Joel Armia Mason Appleton 50 1 2 2
PowerPlay Defense
Defense Defense Time % Phy DF OF
1 Oliver Ekman-Larsson Olen Zellweger 50 1 2 2
2 Oliver Kylington Olli Maatta 50 1 2 2
Penalty Kill 4 Players Forward
Center Wing Time % Phy DF OF
1 Connor McDavid Connor Bedard 50 1 2 2
2 Alexis Lafreniere Tom Wilson 50 1 2 2
Penalty Kill 4 Players Defense
Defense Defense Time % Phy DF OF
1 Oliver Ekman-Larsson Oliver Kylington 50 1 2 2
2 Dylan Samberg Olli Maatta 50 1 2 2
Penalty Kill - 3 Players Forward
Forward Time % Phy DF OF
1 Connor McDavid 50 1 2 2
2 Connor Bedard 50 1 2 2
Penalty Kill - 3 Players Defense
Defense Defense Time % Phy DF OF
1 Oliver Ekman-Larsson Oliver Kylington 50 1 2 2
2 Dylan Samberg Olli Maatta 50 1 2 2
4 vs 4 Forward
Center Wing Time % Phy DF OF
1 Connor McDavid Connor Bedard 50 1 2 2
2 Alexis Lafreniere Tom Wilson 50 1 2 2
4 vs 4 Defense
Defense Defense Time % Phy DF OF
1 Oliver Ekman-Larsson Oliver Kylington 50 1 2 2
2 Dylan Samberg Olli Maatta 50 1 2 2
Last Minutes Offensive
Center Left Wing Right Wing Defense Defense
Connor McDavid Alexis Lafreniere Tom Wilson Oliver Ekman-Larsson Olen Zellweger
Last Minutes Defensive
Center Left Wing Right Wing Defense Defense
Connor McDavid Alexis Lafreniere Tom Wilson Oliver Ekman-Larsson Oliver Kylington
Goaltenders
Starting : Ukko-Pekka Luukkonen
Backup : Martin Jones
Extra Forwards
Normal : Ridly Greig, Adam Lowry, Jason Zucker - PP : Ridly Greig, Adam Lowry - PK : Jason Zucker
Extra Defensemen
Normal : Brayden Pachal, Olen Zellweger, Dylan Samberg - PP : Brayden Pachal - PK : Olen Zellweger, Dylan Samberg
Penalty Shots
Connor McDavid, Connor Bedard, Alexis Lafreniere, Tom Wilson, Adam Lowry
Scratches
Cam Atkinson (Healthy), Nate Schmidt (Healthy)
Pittsburgh Penguins
5 vs 5 Forward
Center Left Wing Right Wing Time % Phy DF OF
1 Leon Draisaitl Pavel Buchnevich Sam Reinhart 30 1 2 2
2 Phillip Danault Blake Coleman Mitchell Marner 30 1 2 2
3 Jean-Gabriel Pageau Dylan Guenther Jordan Eberle 25 1 2 2
4 Gabriel Vilardi Jake Neighbours James van Riemsdyk 15 1 2 2
5 vs 5 Defense
Defense Defense Time % Phy DF OF
1 Mattias Ekholm Erik Karlsson 35 1 2 2
2 Erik Gudbranson Brock Faber 35 1 2 2
3 Mark Giordano Brian Dumoulin 30 1 2 2
4 Mattias Ekholm Erik Karlsson 0 1 2 2
PowerPlay Forward
Center Left Wing Right Wing Time % Phy DF OF
1 Leon Draisaitl Pavel Buchnevich Sam Reinhart 50 1 2 2
2 Phillip Danault Blake Coleman Mitchell Marner 50 1 2 2
PowerPlay Defense
Defense Defense Time % Phy DF OF
1 Mattias Ekholm Erik Karlsson 50 1 2 2
2 Erik Gudbranson Brock Faber 50 1 2 2
Penalty Kill 4 Players Forward
Center Wing Time % Phy DF OF
1 Leon Draisaitl Sam Reinhart 50 1 2 2
2 Mitchell Marner Pavel Buchnevich 50 1 2 2
Penalty Kill 4 Players Defense
Defense Defense Time % Phy DF OF
1 Mattias Ekholm Erik Karlsson 50 1 2 2
2 Erik Gudbranson Brock Faber 50 1 2 2
Penalty Kill - 3 Players Forward
Forward Time % Phy DF OF
1 Leon Draisaitl 50 1 2 2
2 Sam Reinhart 50 1 2 2
Penalty Kill - 3 Players Defense
Defense Defense Time % Phy DF OF
1 Mattias Ekholm Erik Karlsson 50 1 2 2
2 Erik Gudbranson Brock Faber 50 1 2 2
4 vs 4 Forward
Center Wing Time % Phy DF OF
1 Leon Draisaitl Sam Reinhart 50 1 2 2
2 Mitchell Marner Pavel Buchnevich 50 1 2 2
4 vs 4 Defense
Defense Defense Time % Phy DF OF
1 Mattias Ekholm Erik Karlsson 50 1 2 2
2 Erik Gudbranson Brock Faber 50 1 2 2
Last Minutes Offensive
Center Left Wing Right Wing Defense Defense
Leon Draisaitl Pavel Buchnevich Sam Reinhart Mattias Ekholm Erik Karlsson
Last Minutes Defensive
Center Left Wing Right Wing Defense Defense
Leon Draisaitl Pavel Buchnevich Sam Reinhart Mattias Ekholm Erik Karlsson
Goaltenders
Starting : Jordan Binnington
Backup : Marc-Andre Fleury
Extra Forwards
Normal : Jake Neighbours, Jordan Eberle, Jean-Gabriel Pageau - PP : Jake Neighbours, Jordan Eberle - PK : Jean-Gabriel Pageau
Extra Defensemen
Normal : Mark Giordano, Brian Dumoulin, Erik Gudbranson - PP : Mark Giordano - PK : Brian Dumoulin, Erik Gudbranson
Penalty Shots
Leon Draisaitl, Sam Reinhart, Mitchell Marner, Pavel Buchnevich, Blake Coleman
Scratches
None
% Time on Ice - Winnipeg Jets
Lines # - Real PCT - Wanted PCT - Time Play
Normal Forward
1 - 30% - 30% - 15:30
2 - 29% - 30% - 14:51
3 - 24% - 25% - 12:40
4 - 17% - 15% - 9:00
Normal Defense
1 - 31% - 30% - 16:16
2 - 30% - 30% - 15:40
3 - 26% - 25% - 13:39
4 - 12% - 15% - 6:26
PP Forward
1 - 43% - 50% - 1:43
2 - 57% - 50% - 2:18
PP Defense
1 - 58% - 50% - 2:20
2 - 42% - 50% - 1:41
PK Forward
1 - 51% - 50% - 2:02
2 - 49% - 50% - 1:56
PK Defense
1 - 47% - 50% - 1:52
2 - 53% - 50% - 2:06
PK3 Forward
1 - 0% - 50%
2 - 0% - 50%
PK3 Defense
1 - 0% - 50%
2 - 0% - 50%
44 Forward
1 - 0% - 50%
2 - 0% - 50%
44 Defense
1 - 0% - 50%
2 - 0% - 50%
Last Minute Offensive - 0:00
Last Minute Defensive - 0:00
Total
Forward - 60:00
Defense - 60:00
|
% Time on Ice - Pittsburgh Penguins
Lines # - Real PCT - Wanted PCT - Time Play
Normal Forward
1 - 28% - 30% - 14:39
2 - 32% - 30% - 16:31
3 - 25% - 25% - 12:52
4 - 15% - 15% - 7:59
Normal Defense
1 - 34% - 35% - 17:39
2 - 36% - 35% - 18:36
3 - 30% - 30% - 15:46
4 - 0% - 0% - 0:00
PP Forward
1 - 50% - 50% - 1:59
2 - 50% - 50% - 1:59
PP Defense
1 - 47% - 50% - 1:53
2 - 53% - 50% - 2:05
PK Forward
1 - 58% - 50% - 2:20
2 - 42% - 50% - 1:41
PK Defense
1 - 60% - 50% - 2:24
2 - 40% - 50% - 1:37
PK3 Forward
1 - 0% - 50%
2 - 0% - 50%
PK3 Defense
1 - 0% - 50%
2 - 0% - 50%
44 Forward
1 - 0% - 50%
2 - 0% - 50%
44 Defense
1 - 0% - 50%
2 - 0% - 50%
Last Minute Offensive - 0:00
Last Minute Defensive - 0:00
Total
Forward - 60:00
Defense - 60:00
|
Play-by-Play
1st period
0:01 of 1st period - Leon Draisaitl wins face-off versus Tom Wilson in neutral zone.
1:05 of 1st period - Snap shot by Connor McDavid.
1:05 of 1st period - Shot Misses the Net.
1:07 of 1st period - Wrist shot by Tom Wilson.
1:07 of 1st period - Shot Blocked by Erik Gudbranson.
1:09 of 1st period - Snap shot by Oliver Ekman-Larsson.
1:09 of 1st period - Stopped by Jordan Binnington without a rebound.
1:10 of 1st period - Connor Bedard wins face-off versus Phillip Danault in Pittsburgh Penguins zone.
1:37 of 1st period - Brian Dumoulin is hit by Adam Lowry and loses puck.
2:04 of 1st period - Snap shot by Joel Armia.
2:04 of 1st period - Stopped by Jordan Binnington with a rebound.
2:32 of 1st period - Snap shot by Leon Draisaitl.
2:32 of 1st period - Stopped by Ukko-Pekka Luukkonen with a rebound.
3:19 of 1st period - Icing by Brayden Pachal.
3:20 of 1st period - Gabriel Vilardi wins face-off versus Connor Bedard in Winnipeg Jets zone.
3:25 of 1st period - Snap shot by Gabriel Vilardi.
3:25 of 1st period - Shot Misses the Net.
3:42 of 1st period - Icing by Erik Gudbranson.
3:43 of 1st period - Phillip Danault wins face-off versus Ridly Greig in Pittsburgh Penguins zone.
3:56 of 1st period - Snap shot by Joel Armia.
3:56 of 1st period - Stopped by Jordan Binnington without a rebound.
3:57 of 1st period - Leon Draisaitl wins face-off versus Jason Zucker in Pittsburgh Penguins zone.
4:22 of 1st period - Mason Appleton is hit by Blake Coleman and loses puck.
5:11 of 1st period - Slapshot by Ridly Greig.
5:11 of 1st period - Stopped by Jordan Binnington with a rebound.
5:13 of 1st period - Slapshot by Oliver Kylington.
5:13 of 1st period - Shot Misses the Net.
5:25 of 1st period - Wrist shot by Leon Draisaitl.
5:25 of 1st period - Deflect By Pavel Buchnevich.
5:25 of 1st period - Stopped by Ukko-Pekka Luukkonen with a rebound.
5:45 of 1st period - Wrist shot by Mitchell Marner.
5:45 of 1st period - Deflect By Blake Coleman.
5:45 of 1st period - Shot Misses the Net.
5:45 of 1st period - Puck is out of play.
5:46 of 1st period - Adam Lowry wins face-off versus Phillip Danault in Winnipeg Jets zone.
5:55 of 1st period - Wrist shot by Adam Lowry.
5:55 of 1st period - Stopped by Jordan Binnington without a rebound.
5:56 of 1st period - Phillip Danault wins face-off versus Connor McDavid in Pittsburgh Penguins zone.
6:06 of 1st period - Wrist shot by Mitchell Marner.
6:06 of 1st period - Stopped by Ukko-Pekka Luukkonen with a rebound.
6:12 of 1st period - Snap shot by Mitchell Marner.
6:12 of 1st period - Shot Misses the Net.
6:21 of 1st period - Icing by Tom Wilson.
6:22 of 1st period - Jean-Gabriel Pageau wins face-off versus Connor McDavid in Winnipeg Jets zone.
6:31 of 1st period - Snap shot by Sam Reinhart.
6:31 of 1st period - Shot Misses the Net.
6:50 of 1st period - Wrist shot by Connor McDavid.
6:50 of 1st period - Deflect By Alexis Lafreniere.
6:50 of 1st period - Shot Blocked by Mark Giordano.
6:50 of 1st period - Puck is out of play.
6:51 of 1st period - Jean-Gabriel Pageau wins face-off versus Connor Bedard in Pittsburgh Penguins zone.
7:16 of 1st period - Mason Appleton is hit by Erik Gudbranson and loses puck.
7:45 of 1st period - Snap shot by Gabriel Vilardi.
7:45 of 1st period - Stopped by Ukko-Pekka Luukkonen without a rebound.
7:46 of 1st period - Connor Bedard wins face-off versus Leon Draisaitl in Winnipeg Jets zone.
7:48 of 1st period - Minor Penalty to Dylan Samberg for Tripping.
7:49 of 1st period - Leon Draisaitl wins face-off versus Connor McDavid in Winnipeg Jets zone.
8:24 of 1st period - Wrist shot by Connor Bedard.
8:24 of 1st period - Deflect By Connor McDavid.
8:24 of 1st period - Shot Blocked by Mattias Ekholm.
8:24 of 1st period - Puck is out of play.
8:25 of 1st period - Leon Draisaitl wins face-off versus Alexis Lafreniere in Pittsburgh Penguins zone.
9:34 of 1st period - Olli Maatta is hit by Erik Gudbranson.
9:48 of 1st period - Penalty to Dylan Samberg is over, Dylan Samberg is back on ice.
10:13 of 1st period - Icing by Jordan Eberle.
10:14 of 1st period - Ridly Greig wins face-off versus Gabriel Vilardi in Pittsburgh Penguins zone.
10:21 of 1st period - Snap shot by Ridly Greig.
10:21 of 1st period - Stopped by Jordan Binnington without a rebound.
10:22 of 1st period - Connor Bedard wins face-off versus Leon Draisaitl in Pittsburgh Penguins zone.
10:30 of 1st period - Minor Penalty to Leon Draisaitl for Hooking.
10:31 of 1st period - Jean-Gabriel Pageau wins face-off versus Connor McDavid in Pittsburgh Penguins zone.
10:39 of 1st period - Slapshot by Connor McDavid.
10:39 of 1st period - Shot Misses the Net.
10:41 of 1st period - Slapshot by Oliver Ekman-Larsson.
10:41 of 1st period - Deflect By Alexis Lafreniere.
10:41 of 1st period - Shot Misses the Net.
10:41 of 1st period - Puck is out of play.
10:42 of 1st period - Mitchell Marner wins face-off versus Connor Bedard in Pittsburgh Penguins zone.
11:07 of 1st period - Brock Faber is hit by Tom Wilson and loses puck.
12:06 of 1st period - Icing by Connor Bedard.
12:07 of 1st period - Jean-Gabriel Pageau wins face-off versus Connor Bedard in Winnipeg Jets zone.
12:30 of 1st period - Penalty to Leon Draisaitl is over, Leon Draisaitl is back on ice.
12:37 of 1st period - Wrist shot by Jean-Gabriel Pageau.
12:37 of 1st period - Deflect By Sam Reinhart.
12:37 of 1st period - Shot Blocked by Oliver Ekman-Larsson.
12:37 of 1st period - Puck is out of play.
12:38 of 1st period - Connor Bedard wins face-off versus Phillip Danault in Winnipeg Jets zone.
12:47 of 1st period - Snap shot by Jason Zucker.
12:47 of 1st period - Shot Misses the Net.
12:53 of 1st period - Oliver Ekman-Larsson is hit by Mattias Ekholm and loses puck.
13:35 of 1st period - Snap shot by Leon Draisaitl.
13:35 of 1st period - Shot Misses the Net.
14:35 of 1st period - Slapshot by Alexis Lafreniere.
14:35 of 1st period - Deflect By Jake Neighbours.
14:35 of 1st period - Stopped by Jordan Binnington with a rebound.
15:36 of 1st period - Slapshot by Andre Burakovsky.
15:36 of 1st period - Stopped by Jordan Binnington without a rebound.
15:37 of 1st period - Jean-Gabriel Pageau wins face-off versus Connor Bedard in Pittsburgh Penguins zone.
15:48 of 1st period - Wrist shot by Jordan Eberle.
15:48 of 1st period - Shot Misses the Net.
16:12 of 1st period - Wrist shot by Andre Burakovsky.
16:12 of 1st period - Shot Misses the Net.
16:16 of 1st period - Wrist shot by Jason Zucker.
16:16 of 1st period - Stopped by Jordan Binnington without a rebound.
16:17 of 1st period - Leon Draisaitl wins face-off versus Connor McDavid in Pittsburgh Penguins zone.
16:48 of 1st period - Slapshot by Mason Appleton.
16:48 of 1st period - Stopped by Jordan Binnington without a rebound.
16:49 of 1st period - Phillip Danault wins face-off versus Adam Lowry in Pittsburgh Penguins zone.
17:04 of 1st period - Wrist shot by Mitchell Marner.
17:04 of 1st period - Stopped by Ukko-Pekka Luukkonen with a rebound.
17:06 of 1st period - Wrist shot by Phillip Danault.
17:06 of 1st period - Shot Misses the Net.
17:24 of 1st period - Wrist shot by Dylan Guenther.
17:24 of 1st period - Stopped by Ukko-Pekka Luukkonen with a rebound.
17:26 of 1st period - Wrist shot by Jordan Eberle.
17:26 of 1st period - Stopped by Ukko-Pekka Luukkonen without a rebound.
17:27 of 1st period - Connor McDavid wins face-off versus Pavel Buchnevich in Winnipeg Jets zone.
18:09 of 1st period - Oliver Kylington is hit by Phillip Danault and loses puck.
18:24 of 1st period - Dylan Samberg is hit by Jean-Gabriel Pageau and loses puck.
18:33 of 1st period - Snap shot by Dylan Guenther.
18:33 of 1st period - Stopped by Ukko-Pekka Luukkonen with a rebound.
18:49 of 1st period - Wrist shot by Adam Lowry.
18:49 of 1st period - Shot Misses the Net.
18:51 of 1st period - Wrist shot by Olli Maatta.
18:51 of 1st period - Stopped by Jordan Binnington without a rebound.
18:52 of 1st period - Connor McDavid wins face-off versus Leon Draisaitl in Pittsburgh Penguins zone.
18:59 of 1st period - Slapshot by Connor McDavid.
18:59 of 1st period - Stopped by Jordan Binnington with a rebound.
19:01 of 1st period - Snap shot by Connor McDavid.
19:01 of 1st period - Stopped by Jordan Binnington with a rebound.
19:03 of 1st period - Snap shot by Tom Wilson.
19:03 of 1st period - Shot Misses the Net.
19:05 of 1st period - Slapshot by Olen Zellweger.
19:05 of 1st period - Shot Misses the Net.
19:19 of 1st period - Connor Bedard is hit by Erik Karlsson.
Goals for this period are 0 for Winnipeg Jets vs 0 for Pittsburgh Penguins.
Shots for this period are 13 for Winnipeg Jets vs 8 for Pittsburgh Penguins.
2nd period
0:01 of 2nd period - Leon Draisaitl wins face-off versus Alexis Lafreniere in neutral zone.
0:32 of 2nd period - Snap shot by Jason Zucker.
0:32 of 2nd period - Shot Blocked by Brock Faber.
0:34 of 2nd period - Snap shot by Andre Burakovsky.
0:34 of 2nd period - Shot Blocked by Erik Gudbranson.
0:36 of 2nd period - Slapshot by Connor Bedard.
0:36 of 2nd period - Stopped by Jordan Binnington with a rebound.
0:38 of 2nd period - Wrist shot by Connor Bedard.
0:38 of 2nd period - Stopped by Jordan Binnington with a rebound.
1:18 of 2nd period - Snap shot by James van Riemsdyk.
1:18 of 2nd period - Shot Blocked by Oliver Kylington.
1:20 of 2nd period - Slapshot by James van Riemsdyk.
1:20 of 2nd period - Stopped by Ukko-Pekka Luukkonen without a rebound.
1:21 of 2nd period - Leon Draisaitl wins face-off versus Connor McDavid in Winnipeg Jets zone.
1:24 of 2nd period - Wrist shot by Sam Reinhart.
1:24 of 2nd period - Stopped by Ukko-Pekka Luukkonen with a rebound.
1:52 of 2nd period - Snap shot by Blake Coleman.
1:52 of 2nd period - Stopped by Ukko-Pekka Luukkonen with a rebound.
2:20 of 2nd period - Backhand shot by Mason Appleton.
2:20 of 2nd period - Stopped by Jordan Binnington with a rebound.
2:22 of 2nd period - Slapshot by Olen Zellweger.
2:22 of 2nd period - Goal by Olen Zellweger - Winnipeg Jets : 1 - Pittsburgh Penguins : 0.
2:23 of 2nd period - Alexis Lafreniere wins face-off versus Pavel Buchnevich in neutral zone.
2:26 of 2nd period - Snap shot by Tom Wilson.
2:26 of 2nd period - Shot Blocked by Leon Draisaitl.
2:43 of 2nd period - Minor Penalty to Pavel Buchnevich for Holding.
2:44 of 2nd period - Connor Bedard wins face-off versus Leon Draisaitl in Pittsburgh Penguins zone.
2:46 of 2nd period - Snap shot by Mason Appleton.
2:46 of 2nd period - Goal by Mason Appleton - Winnipeg Jets : 2 - Pittsburgh Penguins : 0.
2:47 of 2nd period - Leon Draisaitl wins face-off versus Connor McDavid in neutral zone.
2:52 of 2nd period - Wrist shot by Leon Draisaitl.
2:52 of 2nd period - Shot Blocked by Oliver Kylington.
2:54 of 2nd period - Snap shot by Pavel Buchnevich.
2:54 of 2nd period - Stopped by Ukko-Pekka Luukkonen without a rebound.
2:55 of 2nd period - Leon Draisaitl wins face-off versus Connor McDavid in Winnipeg Jets zone.
3:12 of 2nd period - Wrist shot by Leon Draisaitl.
3:12 of 2nd period - Stopped by Ukko-Pekka Luukkonen without a rebound.
3:13 of 2nd period - Phillip Danault wins face-off versus Andre Burakovsky in Winnipeg Jets zone.
3:30 of 2nd period - Phillip Danault is hit by Connor Bedard.
3:40 of 2nd period - Brock Faber is hit by Connor McDavid and loses puck.
3:56 of 2nd period - Off-side.
3:57 of 2nd period - Leon Draisaitl wins face-off versus Adam Lowry in neutral zone.
4:00 of 2nd period - Mason Appleton is hit by Brian Dumoulin and loses puck.
5:41 of 2nd period - Off-side.
5:42 of 2nd period - Connor Bedard wins face-off versus Phillip Danault in neutral zone.
6:48 of 2nd period - Snap shot by Tom Wilson.
6:48 of 2nd period - Shot Blocked by Mattias Ekholm.
7:14 of 2nd period - Snap shot by Connor McDavid.
7:14 of 2nd period - Stopped by Jordan Binnington with a rebound.
7:16 of 2nd period - Backhand shot by Jason Zucker.
7:16 of 2nd period - Stopped by Jordan Binnington without a rebound.
7:17 of 2nd period - Gabriel Vilardi wins face-off versus Connor Bedard in Pittsburgh Penguins zone.
8:07 of 2nd period - Off-side.
8:08 of 2nd period - Phillip Danault wins face-off versus Ridly Greig in neutral zone.
8:33 of 2nd period - Erik Gudbranson is hit by Mason Appleton and loses puck.
8:56 of 2nd period - Dylan Guenther is hit by Alexis Lafreniere and loses puck.
9:10 of 2nd period - Icing by Oliver Ekman-Larsson.
9:11 of 2nd period - Connor McDavid wins face-off versus Gabriel Vilardi in Winnipeg Jets zone.
9:16 of 2nd period - Snap shot by Andre Burakovsky.
9:16 of 2nd period - Shot Hit the Post.
9:24 of 2nd period - Slapshot by James van Riemsdyk.
9:24 of 2nd period - Stopped by Ukko-Pekka Luukkonen without a rebound.
9:25 of 2nd period - Ridly Greig wins face-off versus Phillip Danault in Winnipeg Jets zone.
9:27 of 2nd period - Icing by Joel Armia.
9:28 of 2nd period - Phillip Danault wins face-off versus Ridly Greig in Winnipeg Jets zone.
9:54 of 2nd period - Leon Draisaitl is hit by Connor Bedard and loses puck.
10:19 of 2nd period - Jordan Eberle is hit by Brayden Pachal and loses puck.
10:38 of 2nd period - Snap shot by Mason Appleton.
10:38 of 2nd period - Stopped by Jordan Binnington without a rebound.
10:39 of 2nd period - Adam Lowry wins face-off versus Mitchell Marner in Pittsburgh Penguins zone.
10:48 of 2nd period - Wrist shot by Adam Lowry.
10:48 of 2nd period - Stopped by Jordan Binnington with a rebound.
10:50 of 2nd period - Slapshot by Adam Lowry.
10:50 of 2nd period - Stopped by Jordan Binnington with a rebound.
11:30 of 2nd period - Phillip Danault is hit by Mason Appleton and loses puck.
11:39 of 2nd period - Snap shot by Adam Lowry.
11:39 of 2nd period - Stopped by Jordan Binnington with a rebound.
11:47 of 2nd period - Slapshot by Phillip Danault.
11:47 of 2nd period - Shot Misses the Net.
12:11 of 2nd period - Wrist shot by Mason Appleton.
12:11 of 2nd period - Shot Misses the Net.
12:13 of 2nd period - Slapshot by Oliver Ekman-Larsson.
12:13 of 2nd period - Shot Blocked by Phillip Danault.
12:15 of 2nd period - Snap shot by Mason Appleton.
12:15 of 2nd period - Shot Misses the Net.
12:17 of 2nd period - Backhand shot by Mason Appleton.
12:17 of 2nd period - Stopped by Jordan Binnington with a rebound.
12:19 of 2nd period - Wrist shot by Adam Lowry.
12:19 of 2nd period - Goal by Adam Lowry - Winnipeg Jets : 3 - Pittsburgh Penguins : 0.
12:20 of 2nd period - Connor Bedard wins face-off versus Leon Draisaitl in neutral zone.
12:33 of 2nd period - Wrist shot by Sam Reinhart.
12:33 of 2nd period - Stopped by Ukko-Pekka Luukkonen with a rebound.
12:35 of 2nd period - Slapshot by Sam Reinhart.
12:35 of 2nd period - Deflect By Connor Bedard.
12:35 of 2nd period - Shot Misses the Net.
12:35 of 2nd period - Puck is out of play.
12:36 of 2nd period - Jean-Gabriel Pageau wins face-off versus Connor McDavid in Winnipeg Jets zone.
13:13 of 2nd period - Snap shot by Pavel Buchnevich.
13:13 of 2nd period - Shot Misses the Net.
13:47 of 2nd period - Jordan Eberle is hit by Alexis Lafreniere and loses puck.
15:02 of 2nd period - Wrist shot by Gabriel Vilardi.
15:02 of 2nd period - Shot Misses the Net.
15:40 of 2nd period - Icing by Olen Zellweger.
15:41 of 2nd period - Adam Lowry wins face-off versus Jean-Gabriel Pageau in Winnipeg Jets zone.
16:20 of 2nd period - Slapshot by Brock Faber.
16:20 of 2nd period - Shot Blocked by Brayden Pachal.
16:22 of 2nd period - Snap shot by Blake Coleman.
16:22 of 2nd period - Stopped by Ukko-Pekka Luukkonen with a rebound.
16:57 of 2nd period - Erik Gudbranson is hit by Ridly Greig and loses puck.
17:17 of 2nd period - Mattias Ekholm is hit by Mason Appleton and loses puck.
17:22 of 2nd period - Wrist shot by Adam Lowry.
17:22 of 2nd period - Stopped by Jordan Binnington with a rebound.
17:24 of 2nd period - Slapshot by Oliver Kylington.
17:24 of 2nd period - Stopped by Jordan Binnington with a rebound.
17:42 of 2nd period - Snap shot by Jean-Gabriel Pageau.
17:42 of 2nd period - Shot Blocked by Oliver Kylington.
18:12 of 2nd period - Snap shot by Sam Reinhart.
18:12 of 2nd period - Stopped by Ukko-Pekka Luukkonen with a rebound.
18:32 of 2nd period - Snap shot by Connor Bedard.
18:32 of 2nd period - Shot Misses the Net.
18:44 of 2nd period - Slapshot by Adam Lowry.
18:44 of 2nd period - Goal by Adam Lowry - Winnipeg Jets : 4 - Pittsburgh Penguins : 0.
18:45 of 2nd period - Connor McDavid wins face-off versus Leon Draisaitl in neutral zone.
18:50 of 2nd period - Wrist shot by Alexis Lafreniere.
18:50 of 2nd period - Stopped by Jordan Binnington with a rebound.
19:27 of 2nd period - Icing by Mitchell Marner.
19:28 of 2nd period - Ridly Greig wins face-off versus Mitchell Marner in Pittsburgh Penguins zone.
19:37 of 2nd period - Slapshot by Mitchell Marner.
19:37 of 2nd period - Stopped by Ukko-Pekka Luukkonen with a rebound.
Goals for this period are 4 for Winnipeg Jets vs 0 for Pittsburgh Penguins.
Shots for this period are 17 for Winnipeg Jets vs 10 for Pittsburgh Penguins.
3rd period
0:01 of 3rd period - Andre Burakovsky wins face-off versus Sam Reinhart in neutral zone.
0:10 of 3rd period - Wrist shot by Andre Burakovsky.
0:10 of 3rd period - Stopped by Jordan Binnington with a rebound.
0:12 of 3rd period - Snap shot by Andre Burakovsky.
0:12 of 3rd period - Stopped by Jordan Binnington with a rebound.
0:14 of 3rd period - Snap shot by Andre Burakovsky.
0:14 of 3rd period - Shot Misses the Net.
0:16 of 3rd period - Wrist shot by Andre Burakovsky.
0:16 of 3rd period - Shot Blocked by Erik Karlsson.
1:53 of 3rd period - Wrist shot by Connor McDavid.
1:53 of 3rd period - Stopped by Jordan Binnington with a rebound.
1:55 of 3rd period - Slapshot by Olli Maatta.
1:55 of 3rd period - Stopped by Jordan Binnington without a rebound.
1:56 of 3rd period - Connor McDavid wins face-off versus Dylan Guenther in Pittsburgh Penguins zone.
2:10 of 3rd period - Off-side.
2:11 of 3rd period - Andre Burakovsky wins face-off versus Leon Draisaitl in neutral zone.
2:14 of 3rd period - Sam Reinhart is hit by Connor Bedard and loses puck.
2:23 of 3rd period - Wrist shot by Jason Zucker.
2:23 of 3rd period - Stopped by Jordan Binnington with a rebound.
2:25 of 3rd period - Slapshot by Dylan Samberg.
2:25 of 3rd period - Stopped by Jordan Binnington without a rebound.
2:26 of 3rd period - Jean-Gabriel Pageau wins face-off versus Connor McDavid in Pittsburgh Penguins zone.
2:31 of 3rd period - Slapshot by Mattias Ekholm.
2:31 of 3rd period - Shot Blocked by Connor McDavid.
4:01 of 3rd period - Slapshot by Jordan Eberle.
4:01 of 3rd period - Stopped by Ukko-Pekka Luukkonen without a rebound.
4:02 of 3rd period - Pavel Buchnevich wins face-off versus Connor McDavid in Winnipeg Jets zone.
4:05 of 3rd period - Wrist shot by Sam Reinhart.
4:05 of 3rd period - Shot Misses the Net.
4:07 of 3rd period - Snap shot by Sam Reinhart.
4:07 of 3rd period - Shot Blocked by Olen Zellweger.
4:09 of 3rd period - Wrist shot by Leon Draisaitl.
4:09 of 3rd period - Shot Misses the Net.
4:11 of 3rd period - Snap shot by Pavel Buchnevich.
4:11 of 3rd period - Shot Misses the Net.
5:14 of 3rd period - Wrist shot by Jean-Gabriel Pageau.
5:14 of 3rd period - Stopped by Ukko-Pekka Luukkonen with a rebound.
5:16 of 3rd period - Slapshot by Mattias Ekholm.
5:16 of 3rd period - Shot Misses the Net.
5:18 of 3rd period - Slapshot by Erik Karlsson.
5:18 of 3rd period - Deflect By Oliver Ekman-Larsson.
5:18 of 3rd period - Stopped by Ukko-Pekka Luukkonen with a rebound.
5:20 of 3rd period - Snap shot by Jordan Eberle.
5:20 of 3rd period - Shot Misses the Net.
5:26 of 3rd period - Slapshot by Jean-Gabriel Pageau.
5:26 of 3rd period - Shot Misses the Net.
6:01 of 3rd period - Snap shot by Joel Armia.
6:01 of 3rd period - Shot Blocked by Gabriel Vilardi.
6:03 of 3rd period - Snap shot by Ridly Greig.
6:03 of 3rd period - Shot Misses the Net.
6:05 of 3rd period - Snap shot by Dylan Samberg.
6:05 of 3rd period - Stopped by Jordan Binnington without a rebound.
6:06 of 3rd period - Pavel Buchnevich wins face-off versus Ridly Greig in Pittsburgh Penguins zone.
6:59 of 3rd period - Off-side.
7:00 of 3rd period - Connor McDavid wins face-off versus Phillip Danault in neutral zone.
7:23 of 3rd period - Mitchell Marner is hit by Oliver Ekman-Larsson and loses puck.
7:58 of 3rd period - Wrist shot by Blake Coleman.
7:58 of 3rd period - Shot Blocked by Tom Wilson.
9:33 of 3rd period - Wrist shot by Connor McDavid.
9:33 of 3rd period - Stopped by Jordan Binnington without a rebound.
9:34 of 3rd period - Leon Draisaitl wins face-off versus Connor Bedard in Pittsburgh Penguins zone.
9:39 of 3rd period - Wrist shot by Andre Burakovsky.
9:39 of 3rd period - Stopped by Jordan Binnington without a rebound.
9:40 of 3rd period - Leon Draisaitl wins face-off versus Connor Bedard in Pittsburgh Penguins zone.
9:47 of 3rd period - Sam Reinhart is hit by Oliver Ekman-Larsson and loses puck.
10:08 of 3rd period - Oliver Ekman-Larsson is hit by Jordan Eberle and loses puck.
10:33 of 3rd period - Gabriel Vilardi is hit by Ridly Greig and loses puck.
11:32 of 3rd period - Minor Penalty to Leon Draisaitl for Hooking.
11:33 of 3rd period - Jean-Gabriel Pageau wins face-off versus Connor Bedard in Pittsburgh Penguins zone.
11:46 of 3rd period - Icing by Connor Bedard.
11:47 of 3rd period - Connor Bedard wins face-off versus Jean-Gabriel Pageau in Winnipeg Jets zone.
12:26 of 3rd period - Slapshot by Mason Appleton.
12:26 of 3rd period - Shot Misses the Net.
12:28 of 3rd period - Snap shot by Joel Armia.
12:28 of 3rd period - Shot Misses the Net.
12:30 of 3rd period - Slapshot by Oliver Ekman-Larsson.
12:30 of 3rd period - Shot Misses the Net.
12:32 of 3rd period - Slapshot by Olen Zellweger.
12:32 of 3rd period - Stopped by Jordan Binnington with a rebound.
12:42 of 3rd period - Wrist shot by Mason Appleton.
12:42 of 3rd period - Shot Misses the Net.
12:44 of 3rd period - Snap shot by Mason Appleton.
12:44 of 3rd period - Stopped by Jordan Binnington without a rebound.
12:45 of 3rd period - Jean-Gabriel Pageau wins face-off versus Connor McDavid in Pittsburgh Penguins zone.
13:32 of 3rd period - Penalty to Leon Draisaitl is over, Leon Draisaitl is back on ice.
13:53 of 3rd period - Snap shot by Leon Draisaitl.
13:53 of 3rd period - Shot Misses the Net.
13:55 of 3rd period - Slapshot by Leon Draisaitl.
13:55 of 3rd period - Shot Misses the Net.
13:57 of 3rd period - Slapshot by Mark Giordano.
13:57 of 3rd period - Stopped by Ukko-Pekka Luukkonen without a rebound.
13:58 of 3rd period - Gabriel Vilardi wins face-off versus Sam Steel in Winnipeg Jets zone.
14:24 of 3rd period - Andre Burakovsky is hit by Blake Coleman and loses puck.
14:29 of 3rd period - Snap shot by Mitchell Marner.
14:29 of 3rd period - Goal by Mitchell Marner - Winnipeg Jets : 4 - Pittsburgh Penguins : 1.
14:30 of 3rd period - Adam Lowry wins face-off versus Leon Draisaitl in neutral zone.
14:30 of 3rd period - Minor Penalty to Oliver Ekman-Larsson for Delaying the game.
14:31 of 3rd period - Blake Coleman wins face-off versus Alexis Lafreniere in Winnipeg Jets zone.
15:02 of 3rd period - Connor Bedard is hit by Pavel Buchnevich and loses puck.
16:30 of 3rd period - Penalty to Oliver Ekman-Larsson is over, Oliver Ekman-Larsson is back on ice.
16:34 of 3rd period - Olen Zellweger is hit by Erik Karlsson and loses puck.
16:41 of 3rd period - Snap shot by Dylan Guenther.
16:41 of 3rd period - Stopped by Ukko-Pekka Luukkonen without a rebound.
16:42 of 3rd period - Barclay Goodrow wins face-off versus Dylan Guenther in Winnipeg Jets zone.
16:42 of 3rd period - Barclay Goodrow is hit by Mark Giordano.
17:21 of 3rd period - Sam Steel is hit by Gabriel Vilardi and loses puck.
17:32 of 3rd period - Pavel Buchnevich is hit by Oliver Ekman-Larsson.
17:54 of 3rd period - Mason Appleton is hit by Jean-Gabriel Pageau and loses puck.
18:05 of 3rd period - Slapshot by Jordan Eberle.
18:05 of 3rd period - Deflect By Dylan Guenther.
18:05 of 3rd period - Shot Misses the Net.
18:05 of 3rd period - Puck is out of play.
18:06 of 3rd period - Leon Draisaitl wins face-off versus Connor Bedard in Winnipeg Jets zone.
18:09 of 3rd period - Wrist shot by Pavel Buchnevich.
18:09 of 3rd period - Stopped by Ukko-Pekka Luukkonen without a rebound.
18:10 of 3rd period - Connor Bedard wins face-off versus Leon Draisaitl in Winnipeg Jets zone.
19:09 of 3rd period - Slapshot by Oliver Ekman-Larsson.
19:09 of 3rd period - Shot Misses the Net.
19:11 of 3rd period - Wrist shot by Adam Lowry.
19:11 of 3rd period - Shot Misses the Net.
19:27 of 3rd period - Slapshot by James van Riemsdyk.
19:27 of 3rd period - Stopped by Ukko-Pekka Luukkonen with a rebound.
19:45 of 3rd period - Snap shot by Pavel Buchnevich.
19:45 of 3rd period - Shot Misses the Net.
Goals for this period are 0 for Winnipeg Jets vs 1 for Pittsburgh Penguins.
Shots for this period are 11 for Winnipeg Jets vs 8 for Pittsburgh Penguins.
Back to the Top